 Dungeon Crawl Stone Soup version 0.26-a0-663-g36e8fdb655 (webtiles) character file.

Game seed: 17138428112490228457

260 DogServant the Ruffian (level 6, 0/51 HPs)
             Began as a Ghoul Ice Elementalist on Oct 11, 2020.
             Was an Initiate of Ru.
             Slain by an ogre
             ... wielding a +0 giant club
              (23 damage)
             ... on level 4 of the Dungeon.
             The game lasted 00:04:46 (4118 turns).

DogServant the Ruffian (Ghoul Ice Elementalist)     Turns: 4118, Time: 00:04:47

Health: 0/51       AC:  7    Str: 12    XL:     6   Next: 17%
Magic:  5/7        EV: 11    Int: 10    God:    Ru [......]
Gold:   223        SH:  0    Dex: 11    Spells: 4/8 levels left

rFire    . . .     SeeInvis .     - Unarmed
rCold    + . .     Faith    .   (no shield)
rNeg     + + +     Spirit   .   l - +0 leather armour
rPois    ∞         Reflect  .   g - +0 helmet
rElec    .         Harm     .   e - +2 cloak
rCorr    .         Rampage  .   (no gloves)
MR       .....                  (no boots)
Stlth    ++........             (no amulet)
HPRegen  0.00/turn              (no ring)
MPRegen  0.10/turn              (no ring)

@: no status effects
A: rotting body, claws 1, cold resistance 1, negative energy resistance 3,
inhibited regeneration, torment resistance, unbreathing
a: Renounce Religion


You were on level 4 of the Dungeon.
You worshipped Ru.
Ru was noncommittal.
You visited 1 branch of the dungeon, and saw 4 of its levels.

You collected 223 gold pieces.

Inventory:

Missiles
 h - a throwing net (quivered)
Armour
 a - a +0 robe
 e - a +2 cloak (worn)
 g - a +0 helmet (worn)
 l - a +0 leather armour (worn)
Scrolls
 c - 2 scrolls of enchant weapon {unknown}
 d - 2 scrolls of remove curse {unknown}
 f - 3 scrolls of identify {unknown}
 k - a scroll of fear {unknown}
 n - a scroll of enchant armour {unknown}
 p - a scroll of teleportation {unknown}
 q - a scroll of random uselessness {unknown}
 r - a scroll of blinking {unknown}
 s - a scroll of fog {unknown}
 u - a scroll of noise {unknown}
Potions
 b - a potion of flight {unknown}
 i - a potion of mutation {unknown}
 j - a potion of curing {unknown}
 m - 2 potions of berserk rage {unknown}
 o - a potion of might {unknown}
 t - a potion of haste {unknown}


   Skills:
 + Level 3.4 Fighting
 - Level 1.7 Dodging
 - Level 2.1 Stealth
 * Level 5.2 Unarmed Combat
 - Level 1.7 Spellcasting
 - Level 4.3 Ice Magic


You had 4 spell levels left.
You knew the following spells:

 Your Spells              Type           Power        Failure   Level
a - Freeze                Ice            #...         7%          1
b - Frozen Ramparts       Ice            #.....       21%         3

Your spell library contained the following spells:

 Spells                   Type           Power        Failure   Level
 Ozocubu's Armour         Ice            #.......     21%         3
 Hailstorm                Conj/Ice       #.......     86%         4
 Summon Ice Beast         Ice/Summ       #.......     86%         4


Dungeon Overview and Level Annotations

Branches:
Dungeon (4/15)
 Temple: D:4-7

Altars:
Ru
Uskayaw

Annotations:
D:3 3 runed translucent doors, Thargor's ghost, amateur DrFE


Innate Abilities, Weirdness & Mutations

Your body is rotting away.
You thrive by killing the living.
You are immune to poison.
You have sharp fingernails.
Your flesh is cold resistant. (rC+)
You are immune to negative energy. (rN+++)
You do not regenerate when monsters are visible.
You are immune to unholy pain and torment.
You can survive without breathing.


Message History

The wall freezes the ogre.
The wall freezes the ogre. x2
The wall freezes the ogre.
You barely miss the ogre.
The ogre is moderately wounded.
The wall freezes the ogre.
The ogre misses you.
You closely miss the ogre.
The ogre is moderately wounded.
You scratch the ogre but do no damage.
The ogre is moderately wounded.
The wall freezes the ogre.
The ogre hits you with a +0 giant club!
You barely miss the ogre.
The ogre is heavily wounded.
The frozen ramparts melt away.
The ogre hits you with a +0 giant club!
You claw the ogre!
The ogre is severely wounded.
You scratch the ogre.
The ogre is almost dead.
The ogre hits you with a +0 giant club!!
You die...

.... #.. #######..
#.......#
###.......###.#
..............#
....>....###.#
#......O....####
#......@........
.###.......###..###
..........####..#
............##..#
###.##.###.##..# #.
#.# #.##..######
#.##.###<[.........
#............######
####.######.##


You could see an ogre.

Vanquished Creatures
  A hound (D:3)
  Crazy Yiuf (D:2)
  Robin (D:3)
  3 gnolls
  6 adders
  3 oozes
  2 worms
  2 dart slugs (D:1)
  3 leopard geckos
  An orc (D:3)
  12 goblins
  18 hobgoblins
  3 jackals
  6 kobolds
  2 quokkas (D:3)
  2 ball pythons
  6 bats
  4 frilled lizards
  8 rats
84 creatures vanquished.

Vanquished Creatures (others)
  3 fungi (D:3)
3 creatures vanquished.

Grand Total: 87 creatures vanquished

Notes
Turn   | Place    | Note
-------+----------+-------------------------------------------
     0 | D:1      | DogServant the Ghoul Ice Elementalist began the quest for
                  | the Orb.
     0 | D:1      | Reached XP level 1. HP: 14/14 MP: 2/2
    61 | D:1      | Reached skill level 1 in Unarmed Combat
    78 | D:1      | Reached XP level 2. HP: 22/22 MP: 3/3
   288 | D:1      | Reached skill level 1 in Fighting
   458 | D:1      | Reached skill level 2 in Unarmed Combat
   550 | D:1      | Reached XP level 3. HP: 28/28 MP: 1/4
  1611 | D:1      | Learned a level 3 spell: Frozen Ramparts
  1622 | D:2      | Reached skill level 3 in Unarmed Combat
  1622 | D:2      | Reached XP level 4. HP: 26/36 MP: 1/5
  2203 | D:2      | Found a hide-covered altar of Uskayaw.
  2378 | D:2      | Reached XP level 5. HP: 29/42 MP: 6/6
  2482 | D:2      | Reached skill level 4 in Unarmed Combat
  2491 | D:2      | Found a runed translucent door.
  2492 | D:2      | Noticed Crazy Yiuf
  2625 | D:2      | Found a sacrificial altar of Ru.
  2651 | D:2      | Became a worshipper of Ru the Awakened
  2914 | D:2      | Killed Crazy Yiuf
  3108 | D:3      | Noticed Robin
  3123 | D:3      | Killed Robin
  3282 | D:3      | Reached XP level 6. HP: 51/51 MP: 3/7
  3416 | D:3      | Reached skill level 5 in Unarmed Combat
  3539 | D:3      | Found a runed translucent gate.
  3540 | D:3      | Found a runed translucent gate.
  3541 | D:3      | Found a runed translucent gate.
  3542 | D:3      | Noticed Thargor's ghost (amateur DrFE)
  4118 | D:4      | Slain by an ogre

Illustrated notes

Levels and vault maps discovered:
D:1:      eino_arrival_water_cross, layout_basic
D:2:      layout_loops_ring, marbit_many_paths, nicolae_ru_path_of_blood,
          uniq_crazy_yiuf_cottage
D:3:      layout_loops_ring, gammafunk_ghost_nasty_kobolds, uniq_robin
D:4:      layout_loops_ring, hangedman_decor_riveting

Skill      XL: |  1  2  3  4  5  6 |
---------------+-------------------+-----
Unarmed Combat | 1 2 3 4 5 |  5.2
Fighting       | 1 2 3 |  3.4
Dodging        | |  1.7
Stealth        | |  2.1
Spellcasting   | |  1.7
Ice Magic      | |  4.3

Action                   |  1- 3 |  4- 6 || total
-------------------------+-------+-------++-------
Melee: Unarmed           |    74 |   115 ||   189
 Cast: Freeze            |    19 |     6 ||    25
       Frozen Ramparts   |     1 |     9 ||    10
 Stab: Sleeping          |     2 |     3 ||     5
Armor: Robe              |    15 |     7 ||    22
       Leather armour    |       |    26 ||    26
Dodge: Dodged            |    52 |    73 ||   125

Table legend: (Time is in decaauts)
 A = Elapsed time spent in this place.
 B = Non-inter-level travel time spent in this place.
 C = Inter-level travel time spent in this place.
 D = Time resting spent in this place.
 E = Time spent auto-exploring this place.
 F = Levels seen in this place.
 G = Mean time per level.
                   A        B        C        D        E       F      G
               +--------+--------+--------+--------+--------+-----+--------+
         Total |   4107 |   3931 |    176 |    243 |   3088 |   4 | 1026.8 |
       Dungeon |   4107 |   3931 |    176 |    243 |   3088 |   4 | 1026.8 |
               +--------+--------+--------+--------+--------+-----+--------+

Top non-repeatable levels by time:
     D:1: 1605 daAuts
     D:2: 1434 daAuts
     D:3: 974 daAuts
     D:4: 93 daAuts
